 Dungeon Crawl Stone Soup version 0.28-a0-828-g0121872642 (webtiles) character file.

Game seed: 4172129229860915936

9 cheechan the Bolt Thrower (level 2, -1/26 HPs)
             Began as a Naga Hunter on Nov 10, 2021.
             Frozen to death by an endoplasm (5 damage)
             ... on level 1 of the Dungeon.
             The game lasted 00:00:48 (139 turns).

cheechan the Bolt Thrower (Naga Hunter)              Turns: 139, Time: 00:00:48

Health: -1/26      AC:  2    Str: 14    XL:     2   Next: 16%
Magic:  2/2        EV:  9    Int: 11    God:
Gold:   0          SH:  0    Dex: 11    Spells: 1/1 levels left

rFire   . . .      SeeInvis +   a - +1 hand crossbow
rCold   . . .      Faith    .   (no shield)
rNeg    . . .      Spirit   .   c - +0 leather armour
rPois   +          Reflect  .   (no helmet)
rElec   .          Harm     .   (no cloak)
rCorr   .          Rampage  .   (no gloves)
Will    .....                   (no barding)
Stlth   +.........              (no amulet)
HPRegen 0.08/turn               (no ring)
MPRegen 0.08/turn               (no ring)

@: short of breath, very slow
A: AC +0, large, see invisible, deformed body, poison resistance, slowness 2,
spit poison 1, naga tail 1
a: Spit Poison


You were on level 1 of the Dungeon.
You visited 1 branch of the dungeon, and saw 1 of its levels.

Inventory:

Hand Weapons
 a - a +1 hand crossbow (weapon)
 b - a +0 short sword
Missiles
 d - 12 bolts (quivered ammo)
Armour
 c - a +0 leather armour (worn)
Potions
 e - a potion of curing {unknown}


   Skills:
 + Level 2.0 Fighting
 + Level 4.0 Crossbows
 + Level 1.7 Dodging
 + Level 1.5 Stealth


You had one spell level left.
You didn't know any spells.
Your spell library contained the following spells:

 Spells                   Type           Power      Damage    Failure   Level
 Sublimation of Blood     Necr           0%         N/A       56%         2
 Petrify                  Tmut/Erth      0%         N/A       99%         4
 Irradiate                Conj/Tmut      0%         3d13      100%        5


Dungeon Overview and Level Annotations

Branches:
Dungeon (1/15)

Altars:


Innate Abilities, Weirdness & Mutations

Your serpentine skin is tough. (AC +0)
You have supernaturally acute eyesight. (SInv)
Armour fits poorly on your strangely shaped body.
Your system is resistant to poisons. (rPois)
You cover ground very slowly.
You can spit poison.
You have a snake-like lower body.


Message History

An endoplasm comes into view.
The endoplasm quivers.
The goblin hits you with a +0 club. x2
You see here a dark potion.
Fire: 16 bolts
Press: ? - help, Shift-Dir - straight line, f - goblin
Aim: a goblin, wielding a +0 club (58% to hit)
You shoot a bolt. The bolt closely misses the goblin.
The goblin hits you with a +0 club. The goblin barely misses you.
Fire: 15 bolts
Press: ? - help, Shift-Dir - straight line, f/p - goblin
Aim: a goblin, wielding a +0 club (58% to hit)
You shoot a bolt. The bolt closely misses the goblin.
The endoplasm hits you but does no damage.
The goblin hits you with a +0 club.
Abil: Spit Poison
Press: ? - help, Q - select action, (/) - cycle Shift-Dir - straight line, f - endoplasm, p - goblin
Aim: an endoplasm The splash of poison hits the endoplasm but does no damage.
The endoplasm is poisoned.
The endoplasm freezes you.
You are frozen.
The goblin completely misses you.
Fire: 14 bolts
Press: ? - help, Shift-Dir - straight line, f - goblin, p - endoplasm
Aim: a goblin, wielding a +0 club (58% to hit)
You shoot a bolt. The bolt closely misses the goblin.
The endoplasm hits you but does no damage.
The goblin closely misses you. The endoplasm freezes you.
You are frozen.
* * * LOW HITPOINT WARNING * * *
Fire: 13 bolts
Press: ? - help, Shift-Dir - straight line, f - endoplasm, p - goblin
Aim: an endoplasm (moderately wounded, poisoned, 87% to hit)
You shoot a bolt. The bolt barely misses the endoplasm.
The goblin hits you with a +0 club.
* * * LOW HITPOINT WARNING * * *
The endoplasm freezes you.
You are frozen.
You die...

##...#.#......#)..#.#
###(................
#### #........#...###.#
.....##.#####...........
.....#..................
........................
........................
.......g...(............
#..#(.J@................
..##....................
........................
.................##.....
.....#.........
###############


You could see an endoplasm (poisoned) and a goblin.

Vanquished Creatures
  An endoplasm (D:1)
  2 goblins (D:1)
  A hobgoblin (D:1)
  A bat (D:1)
  2 kobolds (D:1)
  2 rats (D:1)
9 creatures vanquished.

Notes
Turn   | Place    | Note
-------+----------+-------------------------------------------
     0 | D:1      | cheechan the Naga Hunter began the quest for the Orb.
     0 | D:1      | Reached XP level 1. HP: 19/19 MP: 1/1
    81 | D:1      | Reached XP level 2. HP: 23/26 MP: 2/2
   103 | D:1      | Reached skill level 4 in Crossbows
   139 | D:1      | Frozen to death by an endoplasm

Illustrated notes

Levels and vault maps discovered:
D:1:      dpeg_arrival_simpleton_c, layout_rooms, serial_shops,
          nicolae_shop_window_shopping

Skill      XL: |  1  2 |
---------------+-------+-----
Crossbows      | 4 |  4.0
Fighting       | |  2.0
Dodging        | |  1.7
Stealth        | |  1.5

Action                   || total
-------------------------++-------
 Fire: Hand crossbow     ||    23
 Abil: Spit Poison       ||     2
Armor: Leather armour    ||     4
Dodge: Dodged            ||     8

Table legend: (Time is in decaauts)
 A = Elapsed time spent in this place.
 B = Non-inter-level travel time spent in this place.
 C = Inter-level travel time spent in this place.
 D = Time resting spent in this place.
 E = Time spent auto-exploring this place.
 F = Levels seen in this place.
 G = Mean time per level.
                   A        B        C        D        E       F      G
               +--------+--------+--------+--------+--------+-----+--------+
         Total |    185 |    185 |      0 |      0 |      0 |   1 |  185.0 |
       Dungeon |    185 |    185 |      0 |      0 |      0 |   1 |  185.0 |
               +--------+--------+--------+--------+--------+-----+--------+

Top non-repeatable levels by time:
     D:1: 185 daAuts
